[ AOE2 MATCH · #504856493 ]
UnrankedTeutons vs Chinese
Player's team · WIN
Rival team · LOSS
[ REPLAY ANALYSIS · EXTRACTED FROM THE RECORDED GAME ]
Feudal
—
Castle
—
Imperial
—
| APM avg | 57.6 |
| APM peak | 67 |
| eAPM avg | 16.4 |
| Villagers / military | 28 / 0 |
Focus
⚔️ 18.2% · 🌾 81.8%
Feudal
—
Castle
—
Imperial
—
| APM avg | 50.3 |
| APM peak | 68 |
| eAPM avg | 21.9 |
| Villagers / military | 22 / 0 |
Focus
⚔️ 23.0% · 🌾 77.0%
Match map
Initial resources + every placement click. Lines = walls · curves = elevation contours. ◆ gold · ⬟ stone · ● berries · ✦ relic · ◌ wall gap
Your base
CZB's base
Smoothed initial terrain · ◌ = detected wall gap · hover for details
Inputs per minute
— No soy Masche - - CZB
Build order — No soy Masche
36 actions detected in the replay
| 0:01 | Queue | Villager (Male) |
| 0:01 | Queue | Villager (Male) |
| 0:02 | Queue | Villager (Male) |
| 0:03 | Build | House |
| 0:05 | Build | House |
| 0:09 | Queue | Villager (Male) |
| 0:10 | Queue | Villager (Male) |
| 1:23 | Queue | Villager (Male) |
| 1:23 | Queue | Villager (Male) |
| 2:09 | Queue | Villager (Male) |
| 2:09 | Queue | Villager (Male) |
| 2:24 | Queue | Villager (Male) |
| 3:10 | Queue | Villager (Male) |
| 3:10 | Queue | Villager (Male) |
| 3:15 | Build | Lumber Camp |
| 3:29 | Queue | Villager (Male) |
| 3:29 | Queue | Villager (Male) |
| 3:30 | Queue | Villager (Male) |
| 4:07 | Build | House |
| 4:08 | Build | House |
| 4:17 | Queue | Villager (Male) |
| 4:17 | Queue | Villager (Male) |
| 4:17 | Queue | Villager (Male) |
| 4:18 | Queue | Villager (Male) |
| 5:26 | Queue | Villager (Male) |
| 5:26 | Queue | Villager (Male) |
| 5:26 | Queue | Villager (Male) |
| 5:28 | Build | Mill |
| 6:30 | Queue | Villager (Male) |
| 7:15 | Queue | Villager (Male) |
| 7:43 | Queue | Villager (Male) |
| 7:43 | Queue | Villager (Male) |
| 7:43 | Queue | Villager (Male) |
| 7:43 | Queue | Villager (Male) |
| 8:27 | Research | Loom |
| 8:27 | Research | Loom |
Build order — CZB
32 actions detected in the replay
| 0:09 | Research | Loom |
| 0:09 | Research | Loom |
| 0:51 | Queue | Villager (Male) |
| 0:51 | Queue | Villager (Male) |
| 1:19 | Queue | Villager (Male) |
| 1:42 | Queue | Villager (Male) |
| 1:49 | Build | Lumber Camp |
| 2:19 | Queue | Villager (Male) |
| 2:20 | Queue | Villager (Male) |
| 2:39 | Queue | Villager (Male) |
| 2:39 | Queue | Villager (Male) |
| 3:04 | Queue | Villager (Male) |
| 3:19 | Queue | Villager (Male) |
| 3:35 | Queue | Villager (Male) |
| 3:35 | Queue | Villager (Male) |
| 3:41 | Build | House |
| 4:04 | Queue | Villager (Male) |
| 4:04 | Queue | Villager (Male) |
| 4:25 | Queue | Villager (Male) |
| 5:13 | Queue | Villager (Male) |
| 5:13 | Queue | Villager (Male) |
| 5:13 | Queue | Villager (Male) |
| 5:13 | Queue | Villager (Male) |
| 5:13 | Queue | Villager (Male) |
| 6:04 | Build | House |
| 6:19 | Build | House |
| 6:51 | Build | Town Center |
| 6:57 | Build | Palisade Gate |
| 7:07 | Build | Palisade Wall |
| 7:32 | Build | Palisade Wall |
| 7:46 | Queue | Villager (Male) |
| 8:09 | Queue | Villager (Male) |
Match timeline
| 7:07 | CZB · wall_segment Palisade Wall x1 |
| 7:32 | CZB · wall_segment Palisade Wall x1 |
| 8:43 | CZB · resign |
[ AI ANALYSIS · 1 CREDIT ]
What really happened in this match?
Wolo.gg analyzes every decision: build order, eco, micro, common mistakes by bracket. Personalized analysis on WhatsApp or Discord in 30 seconds.
Civ guide
Teutons
Perfil
Jugador #2716438